Description

Modified version of Dark's TvP vs Trap. Earlier spawning pool to start queen production sooner. Roach production after Roach Warren finishes. After Hydra den finishes, stop roach production in favor of Hydra. Late game composition is Hydra/Lurker/Infestor/Viper. Eventually add in Ultralisk's to tank.

VOD

https://www.youtube.com/watch?v=Tcf8-X0fpoo&t=7970s

Build Order

Get SALT Encoding   

  17  0:35  Spawning Pool  Queen/ling production
  17  0:55  Hatchery  Natural or 3rd expansion if block
  19  1:10  Extractor  
  19  1:45  Hatchery  
  25  2:20  Metabolic Boost  
  42  3:30  Evolution Chamber, Roach Warren  Roaches when finished.
  44  3:45  Spore Crawler x2  
  70  5:00  Lair  
  95  6:00  Glial Reconstitution  
  100  6:30  Zerg Missile Weapons Level 1  
  140  7:30  Infestation Pit, Hydralisk Den  Hydras when finished.
  152  8:10  Evolution Chamber, Hive  
  162  8:30  Lurker Den, Zerg Missile Weapons Level 2, Zerg Ground Armor Level 1  Lurkers when finished
  176  9:00  Seismic Spines  
  193  9:30  Zerg Ground Armor Level 2, Zerg Missile Weapons Level 3  
  195  10:00  Zerg Melee Weapons Level 1, Viper, Zerg Ground Armor Level 3  
  198  10:30  Ultralisk Cavern  
Spawning Tool Build Advisor. Get it on Overwolf

Go to:

Details

  • Created by: Darthmufasa
  • Published on: Aug 01, 2021
  • Modified on: Aug 02, 2021
  • Patch: 4.11.0
  • Difficulty: Medium
Show
View Real Time Build Order
Export as new Build Order

Comments (1)

On Aug. 1, 2021, 5:39 a.m., Fishycrackers  said:

I dont think this is a legit build. 180 supply by 6:30? And you only start +1 at 180 supply? 21 supply you get your first hatchery?

Create an account to comment!